 Dungeon Crawl Stone Soup version 0.28-a0-667-g162e43154e (webtiles) character file.

Game seed: 16021339363034212266

4940 Johnny the Carver (level 10, -3/80 HPs)
             Began as a Human Berserker on Oct 17, 2021.
             Was an Elder of Trog.
             Slain by an orc warrior (4 damage)
             ... on level 9 of the Dungeon.
             The game lasted 00:07:30 (7955 turns).

Johnny the Carver (Human Berserker)                 Turns: 7955, Time: 00:07:31

Health: -3/80      AC:  7    Str: 21    XL:     10   Next: 81%
Magic:  10/10      EV: 13    Int:  8    God:    Trog [****..]
Gold:   107        SH:  0    Dex: 12    Spells: 9/9 levels left

rFire   . . .      SeeInvis .   A - +5 scimitar
rCold   . . .      Faith    .   (no shield)
rNeg    . . .      Spirit   .   x - +0 acid dragon scales
rPois   +          Reflect  .   (no helmet)
rElec   .          Harm     .   (no cloak)
rCorr   +          Rampage  .   (no gloves)
Will    +....                   (no boots)
Stlth   +.........              l - amulet of regeneration
HPRegen 1.23/turn               r - ring of poison resistance
MPRegen 0.12/turn               w - ring of willpower

@: on berserk cooldown
A: no striking features
a: Renounce Religion, Berserk, Trog's Hand, Brothers in Arms


You were on level 9 of the Dungeon.
You worshipped Trog.
Trog was greatly pleased with you.
You visited 1 branch of the dungeon, and saw 9 of its levels.

You collected 377 gold pieces.
You spent 270 gold pieces at shops.

Inventory:

Hand Weapons
 y - a +0 falchion of draining
 A - a +5 scimitar (weapon)
Armour
 p - a +1 chain mail of poison resistance
 x - +0 acid dragon scales (worn)
Jewellery
 l - an amulet of regeneration (around neck)
 r - a ring of poison resistance (left hand)
 w - a ring of willpower (right hand)
Wands
 a - a wand of flame (29)
 q - a wand of mindburst (9)
 z - a wand of digging (4)
 B - a wand of polymorph (8)
Scrolls
 f - a scroll of teleportation
 g - a scroll of fog
 h - 2 scrolls of blinking
 i - 3 scrolls of noise
 k - 2 scrolls of immolation
 n - a scroll of amnesia
 v - a scroll of magic mapping {unknown}
Potions
 b - a potion of might {unknown}
 c - 2 potions of flight {unknown}
 d - a potion of lignification {unknown}
 e - 3 potions of heal wounds {unknown}
 j - a potion of degeneration {unknown}
 m - a potion of ambrosia {unknown}
 o - 2 potions of brilliance {unknown}
 s - a potion of mutation {unknown}
 t - a potion of haste {unknown}
 u - 2 potions of curing {unknown}
 C - a potion of resistance


   Skills:
 + Level 8.0 Fighting
 * Level 10.9 Long Blades
 + Level 6.1 Armour
 + Level 6.1 Dodging


You had 9 spell levels left.
You didn't know any spells.
Your spell library was empty.

Dungeon Overview and Level Annotations

Branches:
Dungeon (9/15)             Temple (0/1) D:6
   Lair: D:8-11         Orc: D:9-12

Altars:
Gozag
Kikubaaqudgha
Qazlal
Trog
Wu Jian

Shops:
D:8 ![(   D:9 [

Annotations:
D:5 1 runed translucent door, MacCMillion's ghost, novice DjVM
D:7 2 transporters, iamserjio's ghost, novice OpCA


Message History

You hit the orc wizard.
You kill the orc wizard!
Trog accepts your kill.
Trog appreciates your killing of a magic user.
An orc warrior comes into view.
It is wielding a +1 halberd of freezing.
The orc warrior hits you from afar with a +1 halberd of freezing!
The orc warrior freezes you.
Items here: )) [[ †.
Found 21 arrows.
The orc warrior completely misses you.
You slash the orc warrior!
The orc warrior is moderately wounded.
The orc warrior hits you with a +1 halberd of freezing!
The orc warrior freezes you.
You closely miss the orc warrior.
The orc warrior is moderately wounded.
The orc warrior hits you with a +1 halberd of freezing!
The orc warrior freezes you.
You are too injured to fight recklessly!
You are too injured to fight recklessly!
You are too injured to fight recklessly!
You are too injured to fight recklessly!
You are too injured to fight recklessly!
You are too injured to fight recklessly!
You are too injured to fight recklessly!
You are too injured to fight recklessly!
You are too injured to fight recklessly!
An orc warrior is nearby!
You're still recovering from your berserk rage.
You hit the orc warrior.
The orc warrior is heavily wounded.
The orc warrior hits you with a +1 halberd of freezing!!
* * * LOW HITPOINT WARNING * * *
The orc warrior freezes you.
* * * LOW HITPOINT WARNING * * *
You slash the orc warrior!
The orc warrior is almost dead.
The orc warrior hits you with a +1 halberd of freezing!
* * * LOW HITPOINT WARNING * * *
The orc warrior freezes you.
You die...

## ## .# #. .. #.#
(# ###.### .#
#.....# .#
#.....##o#
#.....)@.#
#[....##.# #.....#
..# ###.###.#.#
#########......#..
#..).........#####.
#.#######.##...# .#
#.# #.# ##.# # #.#
#.# ...


You could see an orc warrior.

Vanquished Creatures
  A two-headed ogre (D:9)
  A hornet (D:9)
  Grinder (D:6)
  A wraith (D:7)
  A steam dragon (D:9)
  Edmund (D:4)
  2 acid dragons
  Duvessa (D:4)
  2 orc warriors
  2 black bears
  An ice beast (D:5)
  3 ogres
  3 centaurs
  A phantom (D:5)
  A kobold brigand (D:7)
  Blork the orc (D:6)
  2 bullfrogs
  2 scorpions
  2 wyvern zombies
  Dowan (D:4)
  3 killer bees (D:9)
  6 wights
  7 howler monkeys
  A bullfrog zombie (D:6)
  4 jellies
  4 hounds
  A gnoll shaman (D:8)
  3 orc priests
  6 iguanas
  4 orc wizards
  2 hound skeletons (D:4)
  9 gnolls
  6 adders
  4 white imps
  An ufetubus (D:5)
  2 adder skeletons (D:4)
  A worm (D:2)
  3 dart slugs (D:2)
  20 orcs
  A bat (D:1)
  5 endoplasms
  2 giant cockroaches
  5 goblins
  9 hobgoblins
  12 kobolds
  A quokka (D:1)
  6 ball pythons
  3 frilled lizards (D:1)
  2 rats (D:2)
163 creatures vanquished.

Vanquished Creatures (collateral kills)
  A water moccasin (D:8)
  An orc (D:8)
2 creatures vanquished.

Vanquished Creatures (others)
  A wight (D:8)
  A jelly (D:8)
  An orc wizard (D:9)
  2 plants (D:9)
5 creatures vanquished.

Grand Total: 170 creatures vanquished

Notes
Turn   | Place    | Note
-------+----------+-------------------------------------------
     0 | D:1      | Johnny the Human Berserker began the quest for the Orb.
     0 | D:1      | Reached XP level 1. HP: 18/18 MP: 1/1
   390 | D:1      | Reached XP level 2. HP: 24/24 MP: 2/2
  1249 | D:2      | Reached XP level 3. HP: 16/29 MP: 3/3
  1679 | D:2      | Reached skill level 4 in Long Blades
  1974 | D:2      | Reached XP level 4. HP: 35/35 MP: 4/4
  2491 | D:3      | Found an ornate altar of the Wu Jian Council.
  2662 | D:3      | Reached XP level 5. HP: 42/42 MP: 5/5
  3199 | D:4      | Reached skill level 5 in Long Blades
  3230 | D:4      | Noticed an ogre
  3357 | D:4      | Noticed a black bear
  3363 | D:4      | Killed a black bear
  3364 | D:4      | Reached XP level 6. HP: 49/49 MP: 6/6
  3432 | D:4      | Noticed Dowan
  3433 | D:4      | Noticed Duvessa
  3435 | D:5      | Entered Level 5 of the Dungeon
  3435 | D:5      | Noticed MacCMillion's ghost (novice DjVM)
  3435 | D:5      | Found a runed translucent door.
  3624 | D:5      | Reached ** piety under Trog
  3626 | D:5      | Reached skill level 6 in Long Blades
  3864 | D:5      | Noticed an ogre
  3871 | D:5      | Killed an ogre
  3872 | D:5      | Reached XP level 7. HP: 55/55 MP: 7/7
  3932 | D:5      | Reached skill level 5 in Fighting
  4034 | D:5      | Reached skill level 7 in Long Blades
  4195 | D:5      | Reached XP level 8. HP: 63/63 MP: 8/8
  4630 | D:4      | Killed Duvessa
  4641 | D:4      | Killed Dowan
  5098 | D:4      | Noticed Edmund
  5111 | D:4      | Killed Edmund
  5112 | D:4      | Reached skill level 8 in Long Blades
  5290 | D:6      | Noticed Blork the orc
  5312 | D:6      | Killed Blork the orc
  5313 | D:6      | Reached XP level 9. HP: 47/69 MP: 9/9
  5579 | D:6      | Found a stormy altar of Qazlal.
  5735 | D:6      | Found a staircase to the Ecumenical Temple.
  5854 | D:6      | Noticed Grinder
  5866 | D:6      | Killed Grinder
  5867 | D:6      | Reached skill level 9 in Long Blades
  5891 | D:6      | Found an ancient bone altar of Kikubaaqudgha.
  6203 | D:7      | Found a transporter.
  6211 | D:7      | Found a transporter.
  6249 | D:7      | Noticed a moth of wrath
  6258 | D:7      | Noticed iamserjio's ghost (novice OpCA)
  6627 | D:7      | Reached *** piety under Trog
  6663 | D:7      | Found an opulent altar of Gozag.
  6706 | D:8      | Found Bashrieb's Antique Armour Shoppe.
  6834 | D:8      | Reached XP level 10. HP: 79/79 MP: 10/10
  6985 | D:8      | Reached skill level 5 in Armour
  6985 | D:8      | Reached skill level 5 in Dodging
  7065 | D:8      | Bought a masterwork scale mail for 270 gold pieces
  7065 | D:8      | Identified the +0 scale mail of Disappointment {Fly rN+
                  | Str-2} (You bought it in a shop on level 8 of the Dungeon)
  7266 | D:8      | Found Tuucika's Distillery.
  7300 | D:8      | Found Nocvuf's Antique Weapon Boutique.
  7357 | D:8      | Reached skill level 10 in Long Blades
  7728 | D:9      | Found Raholo Vete's Antique Armour Shoppe.
  7782 | D:9      | Reached **** piety under Trog
  7826 | D:9      | Found a bloodstained altar of Trog.
  7905 | D:9      | Noticed a two-headed ogre
  7912 | D:9      | Killed a two-headed ogre
  7955 | D:9      | HP: 1/80 [orc warrior (15)]
  7955 | D:9      | Slain by an orc warrior

Illustrated notes

Levels and vault maps discovered:
D:1:      minmay_arrival_wavy_path, layout_basic, minmay_cupped
D:2:      layout_basic
D:3:      layout_basic, nicolae_wu_jian_glorious_leap, grunt_ministairs_5
D:4:      layout_loops_cross, corexii_hall_statues_u, kennysheep_small_circle,
          uniq_duvessa, uniq_edmund
D:5:      layout_gridville, hellmonk_ghost_happy_afterlife, minmay_between
D:6:      layout_basic, nicolae_qazlal_general_emergency,
          mainiacjoe_overflow_catwalk, minmay_temple_entry_antechambers,
          uniq_blork_the_orc, uniq_grinder
D:7:      layout_basic, mainiacjoe_overflow_alcove_2,
          gammafunk_ghost_berserking_beasts
D:8:      layout_basic, serial_shops, shop, shop, nicolae_shop_stone
D:9:      corexii_shack_village, layout_loops_ring, overflow_temple_1_default,
          tso_altar, serial_shops, nicolae_shop_waterfront

Skill      XL: |  1  2  3  4  5  6  7  8  9 10 |
---------------+-------------------------------+-----
Long Blades    | 4 5 6 7 8 9 10 | 10.9
Fighting       | 4 5 6 7 8 |  8.0
Armour         | 3 4 6 |  6.1
Dodging        | 3 4 6 |  6.1

Action                   |  1- 3 |  4- 6 |  7- 9 | 10-12 || total
-------------------------+-------+-------+-------+-------++-------
Melee: Falchion          |    81 |    78 |   262 |    45 ||   466
       Short sword       |       |       |    94 |       ||    94
       Scimitar          |       |       |       |    86 ||    86
Invok: Berserk           |     1 |     6 |    15 |     3 ||    25
       Trog's Hand       |       |       |     3 |     2 ||     5
Evoke: Wand              |       |       |     2 |     7 ||     9
  Use: Scroll            |       |       |       |     6 ||     6
Armor: Animal skin       |     9 |       |       |       ||     9
       Ring mail         |     3 |       |       |       ||     3
       Chain mail        |    15 |    57 |   143 |     2 ||   217
       Acid dragon scale |       |       |       |    26 ||    26
Dodge: Dodged            |    34 |    26 |   176 |    58 ||   294

Table legend: (Time is in decaauts)
 A = Elapsed time spent in this place.
 B = Non-inter-level travel time spent in this place.
 C = Inter-level travel time spent in this place.
 D = Time resting spent in this place.
 E = Time spent auto-exploring this place.
 F = Levels seen in this place.
 G = Mean time per level.
                   A        B        C        D        E       F      G
               +--------+--------+--------+--------+--------+-----+--------+
         Total |   8139 |   7690 |    449 |   1161 |   5136 |   9 |  904.3 |
       Dungeon |   8139 |   7690 |    449 |   1161 |   5136 |   9 |  904.3 |
               +--------+--------+--------+--------+--------+-----+--------+

Top non-repeatable levels by time:
     D:1: 1206 daAuts
     D:2: 1195 daAuts
     D:5: 1113 daAuts
     D:4: 1049 daAuts
     D:3: 890 daAuts
     D:7: 863 daAuts
     D:8: 740 daAuts
     D:6: 684 daAuts
     D:9: 395 daAuts
